 Dungeon Crawl Stone Soup version 0.27-a0-343-gfcad680f63 (webtiles) character file.

Game seed: 13512695225203478093

8647 wampuh the Fighter (level 11, -6/101 HPs)
             Began as a Minotaur Fighter on Feb 15, 2021.
             Was a Priest of Qazlal.
             Mangled by an orc warrior
             ... wielding a +0 war axe
              (21 damage)
             ... on level 9 of the Dungeon.
             The game lasted 00:14:34 (9799 turns).

wampuh the Fighter (Minotaur Fighter)               Turns: 9799, Time: 00:14:35

Health: -6/101     AC: 13    Str: 21    XL:     11   Next: 12%
Magic:  0/14       EV:  8    Int:  5    God:    Qazlal [***...]
Gold:   306        SH:  4    Dex: 13    Spells: 10/10 levels left

rFire    + . .     SeeInvis .   v - +5 great mace "Tifeb" {vamp, rElec rPois rC+}
rCold    + . .     Faith    .   (shield currently unavailable)
rNeg     . . .     Spirit   +   k - +2 chain mail {rF+}
rPois    +         Reflect  .   (helmet restricted)
rElec    +         Harm     .   E - scarf {+Inv}
rCorr    .         Rampage  .   (no gloves)
Will     +....                  (no boots)
Stlth    ..........             r - amulet of guardian spirit
HPRegen  0.26/turn              b - ring of willpower
MPRegen  0.14/turn              (no ring)

@: mighty
A: retaliatory headbutt, horns 2
a: Renounce Religion, Evoke Invisibility, Upheaval, Elemental Force


You were on level 9 of the Dungeon.
You worshipped Qazlal.
Qazlal was most pleased with you.
You visited 3 branches of the dungeon, and saw 13 of its levels.

You collected 466 gold pieces.
You spent 160 gold pieces at shops.

Inventory:

Hand Weapons
 a - a +0 war axe
 v - the +5 great mace "Tifeb" (weapon) {vamp, rElec rPois rC+}
   (You took it off an ogre on level 4 of the Dungeon)

   It inflicts no extra harm, but heals its wielder when it wounds a living foe.
   It protects you from cold.
   It insulates you from electricity.
   It protects you from poison.
 B - a +0 dagger
Missiles
 t - 3 boomerangs of dispersal
 K - a throwing net (quivered)
Armour
 c - a +0 kite shield
 k - a +2 chain mail of fire resistance (worn)
 E - a scarf of invisibility (worn)
 F - a scarf of repulsion
 N - a +0 pair of boots
Jewellery
 b - a ring of willpower (left hand)
 r - an amulet of guardian spirit (around neck)
Wands
 m - a wand of random effects (19)
 p - a wand of flame (14)
 w - a wand of mindburst (11)
 G - a wand of polymorph (7)
 I - a wand of paralysis (7)
Scrolls
 g - 5 scrolls of teleportation
 h - 4 scrolls of amnesia
 i - 2 scrolls of identify
 j - 2 scrolls of fog
 q - 4 scrolls of enchant weapon
 u - a scroll of enchant armour
 y - a scroll of torment
 z - 3 scrolls of magic mapping
 A - 3 scrolls of fear {unknown}
 C - 2 scrolls of noise {unknown}
 M - a scroll of silence {unknown}
 O - a scroll of vulnerability {unknown}
Potions
 d - 2 potions of might
 e - 6 potions of degeneration
 f - a potion of berserk rage {unknown}
 l - 2 potions of ambrosia
 n - 2 potions of resistance {unknown}
 o - 2 potions of attraction
 s - 2 potions of curing
 x - a potion of experience {unknown}
 D - 2 potions of lignification {unknown}
 H - a potion of heal wounds {unknown}
Miscellaneous
 J - a condenser vane
 L - a phantom mirror


   Skills:
 + Level 10.3 Fighting
 - Level 6.2(8.4) Axes
 + Level 8.8(9.7) Maces & Flails
 + Level 10.3 Armour
 - Level 6.0 Shields
 + Level 6.2 Invocations
 + Level 5.2 Evocations


You had 10 spell levels left.
You didn't know any spells.
Your spell library contained the following spells:

 Spells                   Type           Power        Failure   Level
 Animate Skeleton         Necr           0%           98%         1
 Freeze                   Ice            0%           98%         1
 Pain                     Necr           0%           98%         1
 Shock                    Conj/Air       0%           98%         1
 Swiftness                Air            0%           99%         2
 Frozen Ramparts          Ice            0%           100%        3
 Ozocubu's Armour         Ice            0%           100%        3
 Static Discharge         Conj/Air       0%           100%        3
 Vampiric Draining        Necr           0%           100%        3
 Airstrike                Air            0%           100%        4
 Animate Dead             Necr           0%           100%        4
 Hailstorm                Conj/Ice       0%           100%        4
 Summon Ice Beast         Ice/Summ       0%           100%        4
 Agony                    Necr           0%           100%        5
 Lightning Bolt           Conj/Air       0%           100%        5


Dungeon Overview and Level Annotations

Branches:
Dungeon (11/15)            Temple (1/1) D:4             Orc (1/2) D:9
   Lair: D:8-11

Altars:
Ashenzari
Dithmenos
Fedhas
Hepliaklqana
Kikubaaqudgha
Makhleb
Nemelex Xobeh
Okawaru
Qazlal
Ru
Trog
Vehumet
Zin

Shops:
D:4 *

Annotations:
D:4 1 transporter


Innate Abilities, Weirdness & Mutations

You reflexively headbutt those who attack you in melee.
You have a pair of horns on your head.


Message History

The orc warrior hits you with a +0 war axe!
The orc hits you but does no damage.
The orc knight hits you with a +0 great mace!
The troll is engulfed in blazing flames.
The troll bites you but does no damage.
The troll claws you but does no damage. x2
You climb upwards.
Welcome back to the Dungeon!
There is a staircase to the Orcish Mines, spattered with blood here.
Things that are here:
a +0 ring mail; a +0 mace; an orc skeleton You don't know any spells.
Aiming: Upheaval
Press: ? - help, Dir - move target The ground shakes violently, spewing rubble!
You block the orc's attack. The orc hits you but does no damage.
You block the troll's attack. x2; The troll misses you.
The orc warrior hits you with a +0 war axe!
The orc knight hits you with a +0 great mace!
Okay, then.
You feel very mighty all of a sudden. The troll bites you. The troll claws you.
The troll barely misses you. You block the orc's attack.
The orc hits you but does no damage.
The orc warrior hits you with a +0 war axe!
The orc knight barely misses you.
You hit the orc knight.
You feel better.
The orc knight is lightly wounded.
The troll bites you but does no damage. The troll claws you.
The troll claws you but does no damage. The orc hits you with a +0 club.
The orc hits you but does no damage.
The orc warrior hits you with a +0 war axe!!
* * * LOW HITPOINT WARNING * * *
The orc knight closely misses you.
You barely miss the troll. You headbutt the troll!
You kill the troll!
Qazlal accepts your kill.
The troll leather armour is intact enough to wear.
The orc hits you with a +0 club.
* * * LOW HITPOINT WARNING * * *
The orc closely misses you.
The orc warrior hits you with a +0 war axe!!
You die...

##### ######## ....#
##......## ####### ....#
##........## #.....# ....#
#.........o# #.....# ....#
#........o°# #.....#
....###........o@# #.....#
...............oo####.....#
....###...................#
.(..............#####.....#
.................# #.....#
.##.##[..........# #.....#
.##.###..........# #.....#
.#..# #).........# #######
.#.####..........##


You could see an orc knight, an orc warrior (strong) and 3 orcs.

Vanquished Creatures
  An unseen horror (D:10)
  Pikel (D:7)
  A cyclops (D:10)
  A manticore (D:10)
  Joseph (D:8)
  A troll (D:9)
  Prince Ribbit (D:6)
  A hornet (D:10)
  Grinder (D:3)
  A wraith (D:10)
  5 yaks (D:11)
  A wyvern (D:11)
  A water moccasin (D:10)
  3 orc warriors
  A black bear (D:10)
  A necrophage (D:8)
  An ice beast (D:11)
  4 sky beasts
  7 ogres
  2 phantoms
  2 centaurs
  3 lemures (D:7)
  7 bullfrogs
  10 scorpions
  4 wights (D:6)
  A howler monkey (D:5)
  An electric eel (D:11)
  A centaur zombie (D:9)
  3 bullfrog zombies (D:6)
  A jelly (D:9)
  4 orc priests
  2 bullfrog skeletons
  3 hounds
  3 iguanas
  10 orc wizards
  Natasha (thrice) (D:3)
  5 worker ants
  Robin (D:4)
  3 worker ant zombies
  3 gnolls (D:3)
  A howler monkey skeleton (D:8)
  14 adders
  2 shadow imps
  An ufetubus (D:7)
  An adder zombie (D:5)
  2 adder skeletons (D:4)
  2 worms
  The ghost of HilariousDeathArtist the Sneak, a weakling HODe (D:4)
  4 leopard geckos
  27 orcs
  12 bats
  8 giant cockroaches
  13 goblins
  14 hobgoblins
  3 jackals (D:3)
  7 kobolds
  4 quokkas
  3 ball pythons
  7 frilled lizards
  A jackal zombie (D:5)
  A leopard gecko skeleton (D:7)
  7 rats
  A bush (D:8)
242 creatures vanquished.

Vanquished Creatures (collateral kills)
  A deep elf zephyrmancer (D:11)
  A deep elf pyromancer (D:11)
2 creatures vanquished.

Vanquished Creatures (others)
  5 fungi (D:11)
5 creatures vanquished.

Grand Total: 249 creatures vanquished

Notes
Turn   | Place    | Note
-------+----------+-------------------------------------------
     0 | D:1      | wampuh the Minotaur Fighter began the quest for the Orb.
     0 | D:1      | Reached XP level 1. HP: 19/19 MP: 0/0
   404 | D:1      | Reached XP level 2. HP: 27/27 MP: 1/1
  1019 | D:2      | Reached XP level 3. HP: 22/33 MP: 2/2
  1627 | D:2      | Reached XP level 4. HP: 21/40 MP: 3/3
  2004 | D:3      | Noticed Grinder
  2012 | D:3      | Paralysed by Grinder for 2 turns
  2014 | D:3      | Noticed Natasha
  2021 | D:3      | Killed Natasha
  2023 | D:3      | HP: 2/41 [Grinder (4)]
  2024 | D:3      | Killed Grinder
  2025 | D:3      | Reached skill level 5 in Axes
  2025 | D:3      | Reached XP level 5. HP: 3/47 MP: 4/4
  2025 | D:3      | Reached XP level 6. HP: 3/55 MP: 5/5
  2343 | D:3      | Reached skill level 5 in Fighting
  2688 | D:3      | Reached skill level 5 in Shields
  2718 | D:3      | Noticed Natasha
  2726 | D:3      | Killed Natasha
  2727 | D:3      | Reached skill level 5 in Armour
  2775 | D:3      | Noticed Natasha
  2782 | D:3      | Killed Natasha
  3701 | D:4      | Found a staircase to the Ecumenical Temple.
  3711 | Temple   | Entered the Ecumenical Temple
  3717 | Temple   | Became a worshipper of Qazlal Stormbringer
  3846 | D:4      | Found a transporter.
  3847 | D:4      | Noticed HilariousDeathArtist's ghost (weakling HODe)
  3849 | D:4      | Identified the +5 great mace "Tifeb" {vamp, rElec rPois
                  | rC+}
  3925 | D:4      | Found Oxkuteps's General Store.
  3928 | D:4      | Bought a scroll of amnesia for 35 gold pieces
  3928 | D:4      | Bought a scroll of enchant weapon for 75 gold pieces
  3928 | D:4      | Bought a potion of curing for 30 gold pieces
  3928 | D:4      | Bought 2 potions of degeneration for 20 gold pieces
  3965 | D:4      | Noticed Robin
  3977 | D:4      | Reached XP level 7. HP: 61/61 MP: 6/6
  3983 | D:4      | Killed Robin
  4212 | D:4      | Found a transporter.
  4226 | D:4      | Killed HilariousDeathArtist's ghost
  4395 | D:5      | Entered Level 5 of the Dungeon
  4510 | D:5      | Reached skill level 1 in Maces & Flails
  4562 | D:5      | Reached * piety under Qazlal
  4563 | D:5      | Reached XP level 8. HP: 51/70 MP: 7/7
  5253 | D:6      | Noticed Prince Ribbit
  5264 | D:6      | Killed Prince Ribbit
  5265 | D:6      | Reached skill level 1 in Invocations
  5265 | D:6      | Reached skill level 1 in Evocations
  5501 | D:6      | Reached skill level 5 in Maces & Flails
  5726 | D:7      | Reached XP level 9. HP: 80/80 MP: 9/9
  5729 | D:7      | Reached ** piety under Qazlal
  5858 | D:7      | Noticed Pikel
  5868 | D:7      | Killed Pikel
  6608 | D:8      | Found a blossoming altar of Fedhas.
  6743 | D:8      | Noticed Joseph
  6757 | D:8      | Killed Joseph
  7499 | D:9      | Found a staircase to the Orcish Mines.
  7586 | D:9      | Found a bloodstained altar of Trog.
  7590 | D:9      | Found an ancient bone altar of Kikubaaqudgha.
  7641 | D:9      | Found a glowing silver altar of Zin.
  7781 | D:9      | Reached XP level 10. HP: 90/90 MP: 12/12
  7847 | D:10     | Entered Level 10 of the Dungeon
  7883 | D:10     | Killed an unseen horror
  8079 | D:10     | Reached *** piety under Qazlal
  8355 | D:10     | Noticed a manticore
  8375 | D:10     | Killed a manticore
  8376 | D:10     | Noticed a cyclops
  8447 | D:9      | Found a radiant altar of Vehumet.
  8447 | D:9      | Found a hazy altar of Hepliaklqana.
  8447 | D:9      | Found a sparkling altar of Nemelex Xobeh.
  8687 | D:10     | Killed a cyclops
  8688 | D:10     | Reached skill level 10 in Armour
  8688 | D:10     | Reached skill level 5 in Invocations
  9071 | D:11     | Reached skill level 10 in Fighting
  9074 | D:11     | Reached skill level 5 in Evocations
  9202 | D:11     | Reached **** piety under Qazlal
  9242 | D:11     | Found the +7 Singing Sword {vorpal, sonic wave}
  9310 | D:11     | Reached XP level 11. HP: 100/100 MP: 12/14
  9323 | D:11     | Noticed a deep elf pyromancer
  9325 | D:11     | Noticed a deep elf zephyrmancer
  9330 | D:11     | Killed a deep elf pyromancer
  9332 | D:11     | Killed a deep elf zephyrmancer
  9336 | D:11     | Noticed a deep elf zephyrmancer
  9339 | D:11     | Noticed a deep elf zephyrmancer
  9341 | D:11     | Noticed a deep elf zephyrmancer
  9344 | D:11     | Noticed a deep elf pyromancer
  9452 | Orc:1    | Entered Level 1 of the Orcish Mines
  9460 | Orc:1    | Noticed an orc knight
  9799 | D:9      | Mangled by an orc warrior

Illustrated notes

Levels and vault maps discovered:
D:1:      dpeg_arrival_arbitrary_a, layout_loops_corners, minivault_11,
          minmay_hexomino_p4
D:2:      layout_rooms, hex_medium, minmay_close_crescents
D:3:      layout_basic, minmay_goblin_outpost, uniq_grinder, uniq_natasha
D:4:      layout_rooms, minmay_temple_entry_statues_fountains, serial_shops,
          kennysheep_mini_moat, gammafunk_ghost_smash, uniq_robin
D:5:      layout_basic
D:6:      layout_cave_pools, uniq_prince_ribbit1
D:7:      layout_loops_cross, uniq_pikel
D:8:      layout_gridville, kennysheep_cross_room,
          fedhas_bush_and_centaur_altar, uniq_joseph
D:9:      layout_rooms, nicolae_overflow_hidden_temple,
          chequers_temple_overflow_statue_of_worship, orc_0_dummy
D:10:     minmay_blocky_corners, layout_rooms
D:11:     old_forge, layout_basic, david_lair_shrubbed, serial_glass,
          glass_columns_a, glass_columns_a, due_unseen_surprise,
          minmay_strange_pillars, elves_outpost_lemuel
Temple:   eino_temple_rhombus
Orc:1:    layout_caves, basic_altar, nicolae_orc_damp_corner

Skill      XL: |  1  2  3  4  5  6  7  8  9 10 |
---------------+-------------------------------+-----
Axes           | 3 5 6 |  6.2
Fighting       | 4 5 6 7 8 10 | 10.3
Armour         | 4 5 6 8 9 10 | 10.3
Shields        | 4 5 6 |  6.0
Maces & Flails | 2 5 6 8 |  8.8
Invocations    | 1 4 6 |  6.2
Evocations     | 1 3 5 |  5.2

Action                   |  1- 3 |  4- 6 |  7- 9 | 10-12 || total
-------------------------+-------+-------+-------+-------++-------
Melee: War axe           |   101 |   103 |    16 |       ||   220
       Headbutt          |     8 |    15 |    48 |    35 ||   106
       Great mace        |       |       |   196 |   160 ||   356
Throw: Throwing net      |       |       |       |     1 ||     1
       Boomerang         |       |       |       |     1 ||     1
Invok: Upheaval          |       |       |       |     2 ||     2
       Elemental Force   |       |       |       |     1 ||     1
  Use: Potion            |       |     1 |       |     1 ||     2
       Scroll            |       |       |     7 |       ||     7
Armor: Scale mail        |    71 |       |       |       ||    71
       Chain mail        |       |    62 |   107 |   130 ||   299
Dodge: Dodged            |    35 |    39 |    73 |    84 ||   231
Block: Kite shield       |    58 |    69 |     7 |       ||   134
       Other             |       |       |    15 |    46 ||    61

Table legend: (Time is in decaauts)
 A = Elapsed time spent in this place.
 B = Non-inter-level travel time spent in this place.
 C = Inter-level travel time spent in this place.
 D = Time resting spent in this place.
 E = Time spent auto-exploring this place.
 F = Levels seen in this place.
 G = Mean time per level.
                   A        B        C        D        E       F      G
               +--------+--------+--------+--------+--------+-----+--------+
         Total |  10023 |   9731 |    292 |   2225 |   5785 |  13 |  771.0 |
       Dungeon |   9994 |   9709 |    285 |   2224 |   5785 |  11 |  908.5 |
        Temple |     12 |      6 |      6 |      1 |      0 |   1 |   12.0 |
  Orcish Mines |     16 |     16 |      0 |      0 |      0 |   1 |   16.0 |
               +--------+--------+--------+--------+--------+-----+--------+

Top non-repeatable levels by time:
     D:3: 1570 daAuts
     D:9: 1062 daAuts
    D:10: 1058 daAuts
     D:1: 1037 daAuts
     D:2: 991 daAuts
     D:8: 983 daAuts
     D:4: 889 daAuts
     D:7: 729 daAuts
     D:6: 722 daAuts
     D:5: 615 daAuts
    D:11: 333 daAuts
   Orc:1: 16 daAuts
  Temple: 12 daAuts
